[Event "Titled Tuesday Blitz July 25 Late 2023"]
[White "Chabris, Christopher"]
[Black "Graham, Nathaniel"]
[WhiteFideId "2005263"]
[BlackFideId "2007983"]
[WhiteElo "2361"]
[BlackElo "2010"]
[Result "0-1"]
[Round "3"]
[TimeControl "180+2"]
[Date "2023.07.25"]
[WhiteClock "0:00:00"]
[BlackClock "0:00:11"]
[Board "197"]

1. e4 c5 2. Nf3 e6 3. d4 cxd4 4. Nxd4 Nf6 5. Nc3 Nc6 6. a3 d6 7. Be2 Be7 8. O-O O-O 9. Be3 Qc7 10. f4 Nxd4 11. Bxd4 e5 12. Be3 exf4 13. Rxf4 Be6 14. Bd4 Nd7 15. Nd5 Bxd5 16. exd5 Rae8 17. h4 Qd8 18. Bd3 Bf6 19. Bxf6 Nxf6 20. c4 Qb6+ 21. Kh1 Qxb2 22. Qf1 Nd7 23. Rb1 Qc3 24. Rc1 Qe5 25. Rf5 Qd4 26. Rf4 Qe5 27. Rf3 Qh5 28. Qf2 Ne5 29. Re3 Ng4 30. Bxh7+ Qxh7 0-1


[Site "https://www.chess.com"]

[Event "Titled Tuesday Blitz July 25 Late 2023"]
[White "zano2023"]
[Black "Zhou, Qiyu"]
[BlackFideId "505161"]
[WhiteElo "2000"]
[BlackElo "2359"]
[Result "1-0"]
[Round "3"]
[TimeControl "180+2"]
[Date "2023.07.25"]
[WhiteClock "0:00:19"]
[BlackClock "0:00:00"]
[Board "198"]

1. d4 Nf6 2. Nd2 d5 3. Ngf3 e6 4. e3 c5 5. c3 Nc6 6. Bd3 Be7 7. O-O O-O 8. dxc5 Bxc5 9. e4 dxe4 10. Nxe4 Nxe4 11. Bxe4 Qc7 12. Qe2 h6 13. Rd1 Bd7 14. Bc2 Ne7 15. Qd3 Rfd8 16. Qh7+ Kf8 17. Qh8+ Ng8 18. Bh7 Ke7 19. Qxg7 Bc6 20. Bxh6 Nxh6 21. Qg5+ f6 22. Qxh6 Rxd1+ 23. Rxd1 Rf8 24. Bg6 Be8 25. Qh7+ Bf7 26. Qg7 Qb6 27. Rd2 Qc7 28. Bxf7 Rxf7 29. Qh6 b5 30. Nh4 b4 31. Ng6+ Ke8 32. Qh8+ Bf8 33. Nxf8 Rxf8 34. Qh5+ Ke7 35. cxb4 Qc1+ 36. Rd1 Qxb2 37. Qc5+ Kf7 38. Rd7+ Kg8 39. h3 Qxa2 40. Qe7 Qa1+ 41. Kh2 Qe5+ 42. g3 1-0


[Site "https://www.chess.com"]

[Event "Titled Tuesday Blitz July 25 Late 2023"]
[White "littlepinkyboy"]
[Black "Sainz Aguirre, Ignacio"]
[BlackFideId "5101727"]
[WhiteElo "2353"]
[BlackElo "1967"]
[Result "1-0"]
[Round "3"]
[TimeControl "180+2"]
[Date "2023.07.25"]
[WhiteClock "0:00:04"]
[BlackClock "0:00:15"]
[Board "199"]

1. Nf3 d5 2. g3 Nf6 3. Bg2 e6 4. O-O Be7 5. d4 O-O 6. c4 dxc4 7. Nc3 Nc6 8. e4 a6 9. a4 Rb8 10. d5 exd5 11. exd5 Nb4 12. Ne5 Bd6 13. Nxc4 Bf5 14. Nxd6 Qxd6 15. Bf4 Qd7 16. Qb3 a5 17. Nb5 Bc2 18. Qc3 Bd3 19. Nxc7 Bxf1 20. Rxf1 Rbc8 21. d6 Nbd5 22. Qd4 Nxf4 23. Qxf4 Rfd8 24. Nb5 Rc2 25. Re1 h6 26. Re7 Qg4 27. Qxg4 Nxg4 28. Bd5 Nxf2 29. Rxf7 Nh3+ 30. Kh1 Nf2+ 31. Rxf2+ Kh8 32. Rxc2 1-0


[Site "https://www.chess.com"]

[Event "Titled Tuesday Blitz July 25 Late 2023"]
[White "Gavarrete, Nahun"]
[Black "Navyblue1"]
[WhiteFideId "8400709"]
[WhiteElo "2349"]
[BlackElo "1948"]
[Result "1-0"]
[Round "3"]
[TimeControl "180+2"]
[Date "2023.07.25"]
[WhiteClock "0:01:06"]
[BlackClock "0:00:14"]
[Board "200"]

1. e4 c5 2. Nf3 d6 3. d4 cxd4 4. Nxd4 Nf6 5. Nc3 a6 6. Bg5 Nbd7 7. f4 Qc7 8. Qe2 e5 9. Nf5 h6 10. Bxf6 Nxf6 11. fxe5 dxe5 12. O-O-O Bxf5 13. exf5 Be7 14. g3 O-O 15. Bg2 Rac8 16. Rhe1 Bd6 17. Bxb7 Qxb7 18. Rxd6 a5 19. Ne4 Ne8 20. Qa6 Qc7 21. Rd2 f6 22. Re3 Kh8 23. Rc3 Qb8 24. Rxc8 1-0


[Site "https://www.chess.com"]

[Event "Titled Tuesday Blitz July 25 Late 2023"]
[White "Lutz, Igor Oscar"]
[Black "Kostiukov, Alexandr"]
[WhiteFideId "2110806"]
[BlackFideId "14108100"]
[WhiteElo "1938"]
[BlackElo "2347"]
[Result "0-1"]
[Round "3"]
[TimeControl "180+2"]
[Date "2023.07.25"]
[WhiteClock "0:00:07"]
[BlackClock "0:00:56"]
[Board "201"]

1. d4 g6 2. c4 Bg7 3. Nc3 d6 4. e4 e5 5. Nf3 exd4 6. Nxd4 Nc6 7. Be3 Nge7 8. f3 O-O 9. Qd2 f5 10. Be2 fxe4 11. Nxe4 Nf5 12. Nxf5 Bxf5 13. O-O Bxe4 14. fxe4 Qe7 15. Bf3 Qe5 16. b3 Nd4 17. Rad1 c5 18. Bh6 Bxh6 19. Qxh6 Rf4 20. Rd3 Raf8 21. Qh3 Qxe4 22. Qg3 Qxd3 23. Bd5+ Kg7 24. Qxd3 Rxf1+ 25. Qxf1 Rxf1+ 26. Kxf1 b6 27. Kf2 Kf6 28. Ke3 Ke5 29. Bg8 h6 30. Bf7 g5 31. g3 Nc2+ 32. Kd3 Nb4+ 33. Ke3 Nxa2 34. h4 Nc1 35. hxg5 hxg5 36. Bd5 Nxb3 37. Kd3 Nd4 38. Kc3 b5 39. cxb5 Kxd5 0-1


[Site "https://www.chess.com"]

[Event "Titled Tuesday Blitz July 25 Late 2023"]
[White "Burke, Paul"]
[Black "Papp, Petra"]
[WhiteFideId "2605767"]
[BlackFideId "739049"]
[WhiteElo "1913"]
[BlackElo "2339"]
[Result "1-0"]
[Round "3"]
[TimeControl "180+2"]
[Date "2023.07.25"]
[WhiteClock "0:00:31"]
[BlackClock "0:00:00"]
[Board "202"]

1. e4 c5 2. d4 cxd4 3. c3 d3 4. Bxd3 Nc6 5. Bc4 g6 6. Nf3 Bg7 7. Bg5 h6 8. Qb3 hxg5 9. Bxf7+ Kf8 10. Bxg8 Rxg8 11. Nxg5 e6 12. h4 Qe7 13. Nd2 b6 14. O-O-O Bb7 15. f4 Rc8 16. h5 Nd4 17. Qa4 Bc6 18. Qa6 Bb5 19. Qxc8+ Qe8 20. Qxe8+ Kxe8 21. cxd4 Ke7 22. Nb3 a5 23. d5 e5 24. hxg6 exf4 25. d6+ Kf6 26. Nf3 Kxg6 27. e5 Be2 28. Rd2 Ba6 29. Nbd4 a4 30. Rh4 Kf7 31. Rxf4+ Kg6 32. Rg4+ Kf7 33. Nf5 Rc8+ 34. Kb1 Bf8 35. Ng5+ Ke8 36. Nh7 Kf7 37. Nxf8 Kxf8 38. Rh4 Kf7 39. Rh7+ Ke6 40. Ne7 Rf8 41. Rh1 1-0


[Site "https://www.chess.com"]

[Event "Titled Tuesday Blitz July 25 Late 2023"]
[White "Nakamura, Hikaru"]
[Black "Rodrigue-Lemieux, Shawn"]
[WhiteFideId "2016192"]
[BlackFideId "2620049"]
[WhiteElo "3272"]
[BlackElo "2896"]
[Result "1-0"]
[Round "4"]
[TimeControl "180+2"]
[Date "2023.07.25"]
[WhiteClock "0:02:23"]
[BlackClock "0:01:16"]
[Board "1"]

1. a3 h5 2. e4 g6 3. d4 Bg7 4. Nf3 d6 5. Bc4 Nf6 6. Qe2 d5 7. exd5 Nxd5 8. h3 c6 9. O-O Nd7 10. Re1 N7f6 11. Bd3 Bf5 12. c4 Bxd3 13. Qxd3 Nc7 14. Nc3 O-O 15. Qe2 e6 16. Bf4 a6 17. Rad1 b5 18. b3 bxc4 19. bxc4 Rb8 20. Ne5 Rb3 21. Qc2 Rb7 22. Nxc6 Qe8 23. Na5 Ra7 24. Bd6 Na8 25. d5 1-0


[Site "https://www.chess.com"]

[Event "Titled Tuesday Blitz July 25 Late 2023"]
[White "Lenderman, Aleksandr"]
[Black "Vachier-Lagrave, Maxime"]
[WhiteFideId "2021285"]
[BlackFideId "623539"]
[WhiteElo "2887"]
[BlackElo "3153"]
[Result "0-1"]
[Round "4"]
[TimeControl "180+2"]
[Date "2023.07.25"]
[WhiteClock "0:00:15"]
[BlackClock "0:00:21"]
[Board "2"]

1. b3 Nf6 2. Bb2 g6 3. Nf3 Bg7 4. c4 d6 5. g3 O-O 6. Bg2 e5 7. O-O Re8 8. Nc3 c6 9. Rc1 a5 10. e4 c5 11. Ne1 Nc6 12. Nc2 Nd4 13. Ne3 h5 14. f4 exf4 15. gxf4 a4 16. bxa4 Bd7 17. d3 Ng4 18. Nxg4 hxg4 19. Nb5 Bxb5 20. cxb5 Nf3+ 21. Bxf3 Bxb2 22. Bxg4 Bxc1 23. Qxc1 Rxa4 24. Rf2 Qh4 25. Bd1 Rd4 26. Qe3 d5 27. e5 f5 28. Bb3 Kg7 29. h3 b6 30. Kg2 Kf7 31. Qf3 Ke6 32. a4 Rd8 33. Qe3 Rb4 34. Bd1 Rg8 35. Kh2 g5 36. fxg5 Qxg5 37. Qxg5 Rxg5 38. Ra2 Kxe5 39. a5 bxa5 40. Rxa5 Rb2+ 41. Kh1 Rb1 0-1


[Site "https://www.chess.com"]

[Event "Titled Tuesday Blitz July 25 Late 2023"]
[White "Fressinet, Laurent"]
[Black "Erigaisi Arjun"]
[WhiteFideId "608742"]
[BlackFideId "35009192"]
[WhiteElo "2886"]
[BlackElo "3090"]
[Result "0-1"]
[Round "4"]
[TimeControl "180+2"]
[Date "2023.07.25"]
[WhiteClock "0:00:10"]
[BlackClock "0:00:07"]
[Board "3"]

1. d4 g6 2. e4 Bg7 3. Nc3 d6 4. Be3 a6 5. h4 Nf6 6. h5 Nxh5 7. Rxh5 gxh5 8. Qxh5 e6 9. Nf3 Nd7 10. O-O-O Qe7 11. e5 d5 12. Bg5 Qf8 13. Bd3 h6 14. Bh4 c6 15. Ne2 Nb6 16. c3 Kd7 17. Bf6 Kc7 18. Qh4 Bxf6 19. exf6 Nd7 20. Nf4 h5 21. Ne5 Nxe5 22. dxe5 Bd7 23. g3 Qc5 24. Rd2 d4 25. c4 Qxe5 26. Re2 Qc5 27. Bc2 Qxc4 28. Nd3 e5 29. Rxe5 Rae8 30. Qf4 Kc8 31. Rc5 Qxa2 32. Ne5 h4 33. Qxd4 Qa1+ 34. Kd2 Rd8 35. Kc3 Qe1+ 36. Qd2 Qxd2+ 37. Kxd2 h3 0-1


[Site "https://www.chess.com"]

[Event "Titled Tuesday Blitz July 25 Late 2023"]
[White "Bacrot, Etienne"]
[Black "Fedoseev, Vladimir"]
[WhiteFideId "605506"]
[BlackFideId "24130737"]
[WhiteElo "2877"]
[BlackElo "3069"]
[Result "0-1"]
[Round "4"]
[TimeControl "180+2"]
[Date "2023.07.25"]
[WhiteClock "0:00:06"]
[BlackClock "0:00:22"]
[Board "4"]

1. e4 g6 2. d4 Bg7 3. Nc3 d6 4. h4 Nf6 5. Be3 Ng4 6. Bf4 c5 7. Bb5+ Bd7 8. Qxg4 Bxb5 9. Nxb5 Qa5+ 10. Bd2 Qd8 11. dxc5 Nc6 12. cxd6 O-O 13. Bc3 Qb6 14. dxe7 Rfe8 15. Bxg7 Kxg7 16. Nd6 Qb4+ 17. c3 Qxd6 18. Nf3 h5 19. Qg3 Qd3 20. Ng5 Qc2 21. O-O Rxe7 22. Rab1 Rd8 23. Rfc1 Qa4 24. a3 Ne5 25. Qe3 b6 26. c4 Rd3 27. Qe2 Red7 28. c5 Rd2 29. Qf1 bxc5 0-1


[Site "https://www.chess.com"]

[Event "Titled Tuesday Blitz July 25 Late 2023"]
[White "Dardha, Daniel"]
[Black "Bluebaum, Matthias"]
[WhiteFideId "240990"]
[BlackFideId "24651516"]
[WhiteElo "2873"]
[BlackElo "3044"]
[Result "1/2-1/2"]
[Round "4"]
[TimeControl "180+2"]
[Date "2023.07.25"]
[WhiteClock "0:00:07"]
[BlackClock "0:00:22"]
[Board "5"]

1. c4 e6 2. Nc3 d5 3. e3 Nf6 4. Nf3 Bd6 5. b3 O-O 6. Bb2 c5 7. cxd5 exd5 8. d4 Nc6 9. Be2 cxd4 10. Nxd4 Nxd4 11. Qxd4 Re8 12. Rd1 Be5 13. Qd3 Bg4 14. O-O Bxe2 15. Qxe2 d4 16. Nb5 Qb8 17. Bxd4 Bxh2+ 18. Kh1 Be5 19. Qf3 a6 20. Bxe5 Rxe5 21. Nd6 b5 22. Rc1 Qf8 23. Rfd1 Rd8 24. Nf5 Rxd1+ 25. Rxd1 g6 26. Ng3 Kg7 27. Qf4 Qe7 28. Kg1 Rc5 29. e4 Re5 30. f3 Qc5+ 31. Kf1 Nh5 32. Nxh5+ Rxh5 33. Ke2 Rg5 34. g4 Re5 35. Qe3 Qe7 36. Qd4 Qf6 37. Rc1 h5 38. gxh5 gxh5 39. Rg1+ Kh7 40. Qe3 Re8 41. Rg5 Re5 42. Rg1 Re8 43. Rg5 Re5 44. Rg1 1/2-1/2


[Site "https://www.chess.com"]

[Event "Titled Tuesday Blitz July 25 Late 2023"]
[White "Nguyen, Ngoc Truong Son"]
[Black "Grischuk, Alexander"]
[WhiteFideId "12401110"]
[BlackFideId "4126025"]
[WhiteElo "2867"]
[BlackElo "3034"]
[Result "1/2-1/2"]
[Round "4"]
[TimeControl "180+2"]
[Date "2023.07.25"]
[WhiteClock "0:00:13"]
[BlackClock "0:00:23"]
[Board "6"]

1. d4 Nf6 2. c4 e6 3. Nf3 Bb4+ 4. Bd2 Bxd2+ 5. Qxd2 d5 6. Nc3 O-O 7. e3 b6 8. Bd3 dxc4 9. Bxc4 Bb7 10. Be2 Nbd7 11. O-O c5 12. Rfd1 Qe7 13. Rac1 Rfd8 14. Qc2 Rac8 15. Qa4 a6 16. dxc5 Nxc5 17. Qb4 Rxd1+ 18. Rxd1 Qc7 19. h3 h6 20. Qd4 b5 21. a3 Nce4 22. Nxe4 Bxe4 23. Ne1 Bd5 24. Nd3 Bc4 25. Bf1 Rd8 26. Qc3 Qb6 27. Qc2 Bxd3 28. Rxd3 Rxd3 29. Bxd3 g5 30. Qc8+ Kg7 31. Qc3 Qd6 32. g3 e5 33. b4 Nd5 34. Qc2 Nb6 35. Qc3 Na4 36. Qc2 Nb6 37. Qc3 Na4 38. Qc2 Nb6 1/2-1/2


[Site "https://www.chess.com"]

[Event "Titled Tuesday Blitz July 25 Late 2023"]
[White "Mamedov, Rauf"]
[Black "Ashraf, Artin"]
[WhiteFideId "13401653"]
[BlackFideId "22514805"]
[WhiteElo "3030"]
[BlackElo "2832"]
[Result "0-1"]
[Round "4"]
[TimeControl "180+2"]
[Date "2023.07.25"]
[WhiteClock "0:00:00"]
[BlackClock "0:00:20"]
[Board "7"]

1. e4 c5 2. Nf3 d6 3. Nc3 Nf6 4. e5 dxe5 5. Nxe5 e6 6. Bb5+ Nbd7 7. d4 a6 8. Bxd7+ Nxd7 9. Qh5 Qf6 10. Bg5 Qf5 11. g4 g6 12. gxf5 gxh5 13. fxe6 fxe6 14. Ne4 cxd4 15. Nxd7 Kxd7 16. O-O-O e5 17. Bf6 Bh6+ 18. Kb1 Re8 19. h4 Kc6 20. Bg5 Bg7 21. Rhg1 Bf5 22. Ng3 Bg6 23. Rge1 Rf8 24. Re2 Rf3 25. Kc1 Raf8 26. Rdd2 h6 27. Be7 R8f7 28. Bb4 Bf6 29. c3 d3 30. Re1 Bxh4 31. Ne4 Bxe4 32. Rxe4 Bg5 33. c4 Rxf2 34. b3 Rxd2 35. Bxd2 Rf1+ 36. Kb2 Bxd2 37. Rxe5 Bc1+ 38. Kc3 d2 39. Kc2 d1=Q+ 0-1


[Site "https://www.chess.com"]

[Event "Titled Tuesday Blitz July 25 Late 2023"]
[White "Donchenko, Alexander"]
[Black "Andreikin, Dmitry"]
[WhiteFideId "24603295"]
[BlackFideId "4158814"]
[WhiteElo "2825"]
[BlackElo "3029"]
[Result "0-1"]
[Round "4"]
[TimeControl "180+2"]
[Date "2023.07.25"]
[WhiteClock "0:00:55"]
[BlackClock "0:01:31"]
[Board "8"]

1. Nf3 b5 2. e3 a6 3. d4 Nf6 4. Bd3 Bb7 5. O-O e6 6. Qe2 c5 7. c3 d5 8. a4 c4 9. Bc2 Nbd7 10. Nbd2 Be7 11. e4 dxe4 12. Nxe4 O-O 13. Bf4 Nxe4 14. Bxe4 Bxe4 15. Qxe4 Nf6 16. Qe2 Nd5 17. Bg3 Qb6 18. Ne5 Qb7 19. h4 Rfc8 20. axb5 axb5 21. Qf3 Bf6 22. Ng4 Rxa1 23. Rxa1 Ra8 24. Nxf6+ gxf6 25. Re1 Kf8 26. Qh5 Ke7 27. Qxh7 b4 28. h5 bxc3 29. bxc3 Nxc3 30. h6 Qd5 31. Qg7 Ne2+ 32. Kh2 Qh5+ 0-1


[Site "https://www.chess.com"]

[Event "Titled Tuesday Blitz July 25 Late 2023"]
[White "Duda, Jan-Krzysztof"]
[Black "Kushko, Dmitriy"]
[WhiteFideId "1170546"]
[BlackFideId "14162261"]
[WhiteElo "3028"]
[BlackElo "2824"]
[Result "1-0"]
[Round "4"]
[TimeControl "180+2"]
[Date "2023.07.25"]
[WhiteClock "0:01:13"]
[BlackClock "0:00:00"]
[Board "9"]

1. Nf3 Nf6 2. g3 g6 3. b4 a5 4. b5 b6 5. Bg2 Bb7 6. Bb2 Bg7 7. c4 O-O 8. O-O d6 9. d4 Nbd7 10. Nc3 Ne4 11. Na4 Rb8 12. Qc2 e6 13. Rad1 Qe7 14. Ba3 f5 15. Nd2 Nxd2 16. Rxd2 Bxg2 17. Kxg2 e5 18. c5 exd4 19. cxd6 cxd6 20. Bb2 Nc5 21. Bxd4 f4 22. Qc4+ Qf7 23. Qxf7+ Rxf7 24. Nc3 fxg3 25. Bxg7 Kxg7 26. hxg3 Rd7 27. Rfd1 Nb7 28. Nd5 Nc5 29. Ne3 Nb7 30. Nc4 Rc7 31. Nxb6 Nc5 32. Rxd6 1-0


[Site "https://www.chess.com"]

[Event "Titled Tuesday Blitz July 25 Late 2023"]
[White "Talibov, Shiroghlan"]
[Black "Kevlishvili, Robby"]
[WhiteFideId "13429078"]
[BlackFideId "1040634"]
[WhiteElo "2812"]
[BlackElo "3014"]
[Result "1-0"]
[Round "4"]
[TimeControl "180+2"]
[Date "2023.07.25"]
[WhiteClock "0:01:40"]
[BlackClock "0:00:57"]
[Board "10"]

1. e4 c5 2. Nf3 d6 3. Nc3 Nf6 4. h3 g6 5. g4 Bg7 6. g5 Nfd7 7. d4 cxd4 8. Nxd4 Nc6 9. Be3 O-O 10. h4 Nde5 11. Be2 Be6 12. f4 Nd7 13. Nxe6 fxe6 14. Bc4 d5 15. exd5 Na5 16. Bb5 e5 17. Qg4 Nb6 18. fxe5 Rc8 19. Qe6+ Rf7 20. Rf1 Qf8 21. Bxb6 1-0


[Site "https://www.chess.com"]

[Event "Titled Tuesday Blitz July 25 Late 2023"]
[White "Pranav, V"]
[Black "Khanin, Semen"]
[WhiteFideId "25060783"]
[BlackFideId "4111990"]
[WhiteElo "3013"]
[BlackElo "2810"]
[Result "1-0"]
[Round "4"]
[TimeControl "180+2"]
[Date "2023.07.25"]
[WhiteClock "0:00:08"]
[BlackClock "0:00:00"]
[Board "11"]

1. e4 e5 2. Nf3 Nc6 3. Bb5 a6 4. Ba4 Nf6 5. O-O Be7 6. d3 b5 7. Bb3 O-O 8. Nc3 d6 9. a3 Bb7 10. Bd2 Nb8 11. h3 Nbd7 12. Ba2 h6 13. Re1 Re8 14. Qe2 Bf8 15. Rad1 c5 16. Nh4 b4 17. Nb1 d5 18. exd5 Nxd5 19. Nf5 Qf6 20. Qg4 Qg6 21. Nxh6+ gxh6 22. Qxd7 Bc6 23. Qg4 Kh7 24. c3 f5 25. Qxg6+ Kxg6 26. Rc1 bxa3 27. Nxa3 Bg7 28. Nc4 Rad8 29. Ra1 Bb5 30. Bb3 Nc7 31. Be3 Rxd3 32. Bxc5 e4 33. Nd6 Re5 34. Nxb5 axb5 35. Bd4 Re7 36. Be3 Nd5 37. Bxd5 Rxd5 38. Ra6+ Kh7 39. g3 b4 40. cxb4 Rb7 41. Bc5 Bxb2 42. Kg2 Bc3 43. Rc1 Bd2 44. Rc2 Kg7 45. b5 Rxb5 46. Bd4+ Rxd4 47. Rc7+ 1-0


[Site "https://www.chess.com"]

[Event "Titled Tuesday Blitz July 25 Late 2023"]
[White "Riehle, Marco"]
[Black "Martinez Alcantara, Jose Eduardo"]
[WhiteFideId "12904392"]
[BlackFideId "3805662"]
[WhiteElo "2805"]
[BlackElo "3000"]
[Result "0-1"]
[Round "4"]
[TimeControl "180+2"]
[Date "2023.07.25"]
[WhiteClock "0:01:04"]
[BlackClock "0:01:12"]
[Board "12"]

1. e4 c5 2. a3 e6 3. b4 d5 4. exd5 exd5 5. Nf3 Nf6 6. Bb5+ Nc6 7. O-O Be7 8. c3 O-O 9. d4 cxb4 10. axb4 Ne4 11. Bxc6 bxc6 12. Ne5 Bd6 13. f3 Nf6 14. Re1 Qc7 15. Nd2 Nd7 16. f4 Nb6 17. g3 f6 18. Nd3 Bf5 19. Nc5 Rfe8 20. Nf1 Bxc5 21. dxc5 Nc4 22. Be3 a5 23. Bd4 Rxe1 24. Qxe1 a4 25. Nd2 Nxd2 26. Qxd2 a3 27. Qe2 Qb7 28. Rxa3 Be4 29. Qa2 Rxa3 30. Qxa3 Qb5 31. Qa8+ Kf7 32. Kf2 Qd3 33. Qxc6 Qd2+ 34. Kf1 Bd3+ 35. Kg1 Qe1+ 36. Kg2 Qf1# 0-1


[Site "https://www.chess.com"]

[Event "Titled Tuesday Blitz July 25 Late 2023"]
[White "Sargsyan, Shant"]
[Black "Leitao, Rafael"]
[WhiteFideId "13306766"]
[BlackFideId "2101246"]
[WhiteElo "2996"]
[BlackElo "2798"]
[Result "1/2-1/2"]
[Round "4"]
[TimeControl "180+2"]
[Date "2023.07.25"]
[WhiteClock "0:00:07"]
[BlackClock "0:00:17"]
[Board "13"]

1. c4 Nf6 2. g3 g6 3. Bg2 Bg7 4. Nc3 O-O 5. Nf3 d6 6. O-O e5 7. d3 Nc6 8. Rb1 a5 9. a3 h6 10. b4 axb4 11. axb4 Be6 12. b5 Ne7 13. Nd2 Rb8 14. Ra1 Qc8 15. Bb2 Bh3 16. e4 Bxg2 17. Kxg2 c6 18. Qb3 Nd7 19. Ba3 Nc5 20. Qc2 Qc7 21. Rfb1 Ne6 22. Ne2 f5 23. f3 f4 24. bxc6 Nxc6 25. c5 dxc5 26. Bxc5 Kh7 27. Bxf8 Rxf8 28. Qc4 Qe7 29. Rb6 fxg3 30. hxg3 Qg5 31. Qxe6 Qxd2 32. Ra2 Qe3 33. Rb1 Qxf3+ 34. Kg1 Qe3+ 35. Kh1 Rf2 36. Ng1 Nd4 37. Qd5 Rxa2 38. Qxa2 Qxd3 39. Rxb7 Qxe4+ 40. Qg2 Qg4 41. Qh3 Qe4+ 42. Qg2 Qg4 43. Qh3 Qe4+ 44. Qg2 1/2-1/2


[Site "https://www.chess.com"]

[Event "Titled Tuesday Blitz July 25 Late 2023"]
[White "Mahdavi, Reza"]
[Black "Anton Guijarro, David"]
[WhiteFideId "12595926"]
[BlackFideId "2285525"]
[WhiteElo "2777"]
[BlackElo "2982"]
[Result "1-0"]
[Round "4"]
[TimeControl "180+2"]
[Date "2023.07.25"]
[WhiteClock "0:00:33"]
[BlackClock "0:00:20"]
[Board "14"]

1. e4 c6 2. d4 a6 3. Nf3 d5 4. e5 Bg4 5. Be2 e6 6. O-O c5 7. Be3 Ne7 8. c4 dxc4 9. dxc5 Qxd1 10. Rxd1 Nf5 11. Bg5 Nc6 12. h3 Bxf3 13. Bxf3 h6 14. Bf4 g5 15. Bh2 Bxc5 16. Nd2 c3 17. bxc3 O-O-O 18. Ne4 Be7 19. Bh5 Rhf8 20. Rxd8+ Kxd8 21. Rd1+ Kc7 22. Kf1 b5 23. Ke2 Na5 24. Nf6 Nc4 25. g4 Ng7 26. Rd7+ 1-0


[Site "https://www.chess.com"]

[Event "Titled Tuesday Blitz July 25 Late 2023"]
[White "Kollars, Dmitrij"]
[Black "Tristan, Leonardo"]
[WhiteFideId "12909572"]
[BlackFideId "113816"]
[WhiteElo "2981"]
[BlackElo "2761"]
[Result "1-0"]
[Round "4"]
[TimeControl "180+2"]
[Date "2023.07.25"]
[WhiteClock "0:00:22"]
[BlackClock "0:00:01"]
[Board "15"]

1. e4 d5 2. exd5 Qxd5 3. Nc3 Qa5 4. d4 Nf6 5. Bc4 Bg4 6. Ne2 Nc6 7. h3 Bxe2 8. Bxe2 O-O-O 9. O-O Nxd4 10. Bd3 e6 11. Bd2 Qh5 12. Ne2 Nxe2+ 13. Bxe2 Qe5 14. Bd3 Bd6 15. g3 h5 16. Re1 Qd5 17. Qe2 h4 18. g4 Bc5 19. Rad1 Qxa2 20. b4 Bb6 21. c4 Bd4 22. Qf3 Qb3 23. Bf4 Kb8 24. Kg2 e5 25. Bg5 Rde8 26. Bxf6 gxf6 27. Qxf6 Qxb4 28. Qf3 Qd6 29. Be4 c6 30. Rb1 Ka8 31. Qxf7 Qe7 32. Qg6 Qe6 33. Qxe6 Rxe6 34. Red1 Rf8 35. Bf5 Ref6 36. f4 c5 37. fxe5 Bxe5 38. Rd7 Rb6 39. Rxb6 axb6 40. Be4 Rb8 41. g5 Ka7 42. g6 b5 43. cxb5 Kb6 44. Re7 Bd4 45. Kf3 Kxb5 46. Bxb7 Rxb7 47. Rxb7+ Kc6 48. g7 1-0


[Site "https://www.chess.com"]

[Event "Titled Tuesday Blitz July 25 Late 2023"]
[White "Yanchenko, Roman"]
[Black "Matlakov, Maxim"]
[WhiteFideId "4137329"]
[BlackFideId "4168003"]
[WhiteElo "2729"]
[BlackElo "2978"]
[Result "1/2-1/2"]
[Round "4"]
[TimeControl "180+2"]
[Date "2023.07.25"]
[WhiteClock "0:00:18"]
[BlackClock "0:00:23"]
[Board "16"]

1. d4 d5 2. Nf3 Nf6 3. c4 e6 4. Nc3 h6 5. Bf4 Bb4 6. e3 O-O 7. Qc2 c5 8. dxc5 Bxc5 9. Rd1 Qa5 10. Be5 Nbd7 11. Bd4 Bxd4 12. Nxd4 dxc4 13. Bxc4 Ne5 14. Be2 Bd7 15. O-O Rac8 16. f4 Nc4 17. Bxc4 Rxc4 18. Qd2 Qb6 19. Rc1 Rfc8 20. h3 a6 21. Kh2 Be8 22. Rfd1 Qc7 23. Nde2 b5 24. a3 a5 25. b3 Rc5 26. Qd4 Qe7 27. Qd6 Qxd6 28. Rxd6 b4 29. axb4 axb4 30. Na2 Rxc1 31. Nexc1 Nd5 32. Nd3 Nxe3 33. Naxb4 Rb8 34. g4 Nf1+ 35. Kg2 Nd2 36. Nc5 Nxb3 37. Nba6 Nxc5 38. Nxb8 g5 39. fxg5 hxg5 40. Nc6 Bxc6+ 41. Rxc6 Nd3 42. Kg3 Kg7 43. Ra6 Kg6 44. Ra5 Nb4 45. Rb5 Nd5 46. Rb8 Nf6 47. Rh8 Kg7 48. Ra8 Kg6 49. Ra4 Nd5 50. h4 gxh4+ 51. Kxh4 Nf6 52. Ra5 Nd5 53. Rb5 Nc3 54. Rg5+ Kh6 55. Rg8 Kh7 56. Rc8 Nd5 57. Kg5 Kg7 58. Ra8 Ne7 59. Ra7 Ng6 60. Rb7 Ne5 61. Ra7 Nf3+ 62. Kf4 Nh4 63. Ra5 Ng6+ 64. Kg5 Ne7 65. Ra7 Nc6 66. Ra8 Ne7 67. Kh4 Ng6+ 68. Kh5 Ne7 69. g5 Ng6 70. Kg4 Ne5+ 71. Kh5 Ng6 72. Ra5 Nf4+ 73. Kg4 Ng6 74. Kh5 Nf4+ 75. Kg4 Ng6 76. Kh5 1/2-1/2


[Site "https://www.chess.com"]

[Event "Titled Tuesday Blitz July 25 Late 2023"]
[White "Svane, Rasmus"]
[Black "Alex_Sahakyan2006"]
[WhiteFideId "4657101"]
[WhiteElo "2977"]
[BlackElo "2727"]
[Result "0-1"]
[Round "4"]
[TimeControl "180+2"]
[Date "2023.07.25"]
[WhiteClock "0:00:00"]
[BlackClock "0:00:59"]
[Board "17"]

1. Nf3 d5 2. g3 Bg4 3. Bg2 Bxf3 4. Bxf3 e6 5. O-O Nf6 6. d3 Nbd7 7. e4 dxe4 8. dxe4 Ne5 9. Bg2 Bc5 10. Nd2 h5 11. h3 h4 12. g4 Nfxg4 13. hxg4 h3 14. Bf3 Qf6 15. g5 Qxg5+ 16. Kh1 O-O-O 17. Nb3 Rxd1 18. Bxg5 Rxa1 19. Rxa1 Nxf3 20. Nxc5 Nxg5 21. f4 Nf3 22. Rf1 Nd4 23. c3 Nc6 24. Kh2 b6 25. Nd3 Kd7 26. Rf3 Ke7 27. Rxh3 Rxh3+ 28. Kxh3 Na5 29. b3 Nb7 30. Kg3 Nd6 31. Kf3 Nb5 32. c4 Nc3 33. a4 f6 34. Ke3 c5 35. Nf2 Na2 36. Ng4 Nc1 37. b4 cxb4 38. Kd2 Nb3+ 39. Kd3 Nc5+ 40. Kd4 Nxa4 41. e5 b3 42. Kd3 Nc5+ 43. Kc3 a5 44. exf6+ gxf6 45. Ne3 a4 46. Kb2 Kd6 47. Ng4 Ne4 48. Ka3 Kc5 49. Ne3 Kd4 50. Nd1 Kxc4 51. Nb2+ Kc3 52. Nxa4+ Kc2 53. Nb2 b5 0-1


[Site "https://www.chess.com"]

[Event "Titled Tuesday Blitz July 25 Late 2023"]
[White "Salimova, Nurgyul"]
[Black "Kamsky, Gata"]
[WhiteFideId "2915138"]
[BlackFideId "2000024"]
[WhiteElo "2685"]
[BlackElo "2941"]
[Result "0-1"]
[Round "4"]
[TimeControl "180+2"]
[Date "2023.07.25"]
[WhiteClock "0:00:04"]
[BlackClock "0:00:08"]
[Board "18"]

1. e4 c5 2. Nf3 e6 3. d4 cxd4 4. Nxd4 a6 5. Bd3 Bc5 6. Nb3 Ba7 7. O-O Ne7 8. c4 O-O 9. Nc3 Nbc6 10. Bf4 e5 11. Bg5 d6 12. Nd5 Be6 13. Be2 Bxd5 14. exd5 Nd4 15. Bd3 f5 16. Re1 h6 17. Be3 Nxb3 18. Qxb3 Bxe3 19. Rxe3 b6 20. f4 Ng6 21. fxe5 Nxe5 22. Rf1 g6 23. Be2 Qc7 24. Kh1 a5 25. Qc3 Qc5 26. b3 Rae8 27. Rh3 Kg7 28. Qb2 Rf6 29. a3 Qc7 30. Qc3 g5 31. b4 axb4 32. axb4 f4 33. Rc1 Re7 34. Qd4 Qa7 35. Ra1 Qb8 36. Rc3 Qe8 37. Bf1 Ng4 38. h3 Ne3 39. Be2 Nxg2 40. Bf3 Ne3 41. Qxb6 Qd7 42. Kh2 h5 43. Rg1 g4 44. Qd4 Kf7 45. Be2 g3+ 46. Kh1 Qxh3# 0-1


[Site "https://www.chess.com"]